 Dungeon Crawl Stone Soup version 0.31-a0-154-g56bf346678 (webtiles) character file.

Game seed: 14022428070283948205

39 BONEBRO the Chopper (level 3, -6/46 HPs)
             Began as a Hill Orc Berserker on June 11, 2023.
             Was a Believer of Trog.
             Mangled by Sigmund
             ... wielding a +1 scythe of flaming
              (8 damage)
             ... on level 2 of the Dungeon.
             The game lasted 00:02:42 (903 turns).

BONEBRO the Chopper (Hill Orc Berserker)             Turns: 903, Time: 00:02:42

Health: -6/46      AC:  5    Str: 21    XL:     3   Next: 47%
Magic:  3/3        EV: 11    Int:  7    God:    Trog [**....]
Gold:   39         SH:  5    Dex: 10    Spells: 2/2 levels left

rFire   . . .        a - +0 hand axe
rCold   . . .        (no shield)
rNeg    . . .        f - +0 ring mail
rPois   .            (no helmet)
rElec   .            (no cloak)
rCorr   .            (no gloves)
SInv    .            (no boots)
Will    .....        d - amulet of reflection Stlth
                     (no ring)
HPRegen 0.27/turn    (no ring)
MPRegen 0.08/turn

%: reflection
@: berserking (expiring), very quick
A: no striking features
a: Renounce Religion, Berserk, Trog's Hand


You were on level 2 of the Dungeon.
You worshipped Trog.
Trog was pleased with you.
You visited 1 branch of the dungeon, and saw 2 of its levels.

You collected 39 gold pieces.

Inventory:

Hand Weapons
 a - a +0 hand axe (weapon)
Missiles
 e - 4 poisoned darts
Armour
 b - a +0 animal skin
 f - a +0 ring mail (worn)
Jewellery
 d - an amulet of reflection (around neck)
Scrolls
 j - a scroll of teleportation {unknown}
 k - a scroll of identify {unknown}
Potions
 c - 2 potions of curing {unknown}
 g - a potion of heal wounds {unknown}
 h - a potion of cancellation {unknown}
 i - a potion of invisibility {unknown}


   Skills:
 - Level 3.6 Fighting
 * Level 5.8 Axes
 - Level 2.2 Armour
 - Level 1.5 Dodging


You had 2 spell levels left.
You didn't know any spells.
Your spell library was empty.

Dungeon Overview and Level Annotations

Branches:
Dungeon (2/15)

Altars:

Annotations:
D:2 Sigmund


Message History

Trog accepts your kill.
A goblin comes into view. It is wielding a +0 club.
A goblin is nearby!
You barely miss the frilled lizard.
Sigmund gestures wildly while chanting.
Sigmund flickers and vanishes!
Deactivating autopickup; reactivate with Ctrl-A.
The frilled lizard bites you.
You miss the frilled lizard. The frilled lizard closely misses you.
You closely miss the frilled lizard. You hit the goblin.
You kill the goblin!
Trog accepts your kill. Something hits you. Something burns you.
The frilled lizard bites you but does no damage.
A quokka comes into view.
You miss the frilled lizard. The frilled lizard barely misses you.
Something hits you! Something burns you.
You slash the frilled lizard!
You kill the frilled lizard!
Trog accepts your kill.
A red film seems to cover your vision as you go berserk!
You feel yourself moving faster!
You feel mighty! Something hits you. Something burns you.
You feel a strong urge to attack something.
Something hits you.
* * * LOW HITPOINT WARNING * * *
Something burns you.
* * * LOW HITPOINT WARNING * * *
You see here a frilled lizard corpse.
You slash something! You miss something.
You hear some strange, mumbled words.
A magic dart appears from out of thin air!
The magic dart hits you!
* * * LOW HITPOINT WARNING * * *
You barely miss something. You barely miss something.
Something hits you but does no damage.
You hit something. You closely miss something. Something hits you!
You die...

########## #........##
#### ....>...#### .....
........##.# .@...
########.##.##.# .#.#..
#............)@###.....#
#........###.#.{r..#.#.#
#..........#.###.#.....
########.#.#.#...#.#..#
##.....#.#<.....#
#....###.#....### #..†##
# #g#...... #...#
..#...##. #######.##
........


You could see a quokka.

Vanquished Creatures
  A dart slug (D:1)
  4 endoplasms
  A giant cockroach (D:1)
  3 hobgoblins
  8 jackals (D:1)
  3 ball pythons (D:1)
  4 bats (D:1)
  4 frilled lizards
  4 goblins
  A rat (D:1)
33 creatures vanquished.

Notes
Turn   | Place    | Note
-------+----------+-------------------------------------------
     0 | D:1      | BONEBRO the Hill Orc Berserker began the quest for the Orb.
     0 | D:1      | Reached XP level 1. HP: 19/19 MP: 1/1
    45 | D:1      | Reached XP level 2. HP: 26/26 MP: 2/2
   158 | D:1      | Reached skill level 5 in Axes
   390 | D:1      | Reached XP level 3. HP: 25/31 MP: 3/3
   393 | D:1      | Reached ** piety under Trog
   823 | D:2      | Noticed Sigmund
   899 | D:2      | HP: 2/46 [something/magic dart (8)]
   903 | D:2      | Mangled by Sigmund

Illustrated notes

Levels and vault maps discovered:
D:1:      spicycebolla_arrival_clurvy, layout_loops_ring, supply_closet_lemuel,
          minmay_strange_pillars
D:2:      layout_basic, serial_glass, glass_columns_c, glass_columns_a,
          glass_columns_b, glass_columns_b, glass_columns_a, glass_columns_c,
          chequers_garden, minmay_tree_intersection, minmay_pentomino_p4,
          uniq_robin, uniq_sigmund

Skill      XL: |  1  2 |
---------------+-------+-----
Axes           | 5 |  5.8
Fighting       | |  3.6
Armour         | |  2.2
Dodging        | |  1.5

Action                     || total
---------------------------++-------
  Melee: Hand axe          ||    98
         Punch             ||     2
 Invoke: Berserk           ||     2
 Armour: Animal skin       ||    10
         Ring mail         ||    17
  Dodge: Dodged            ||    54
  Block: Other             ||    12

Table legend: (Time is in decaauts)
 A = Elapsed time spent in this place.
 B = Non-inter-level travel time spent in this place.
 C = Inter-level travel time spent in this place.
 D = Time resting spent in this place.
 E = Time spent auto-exploring this place.
 F = Levels seen in this place.
 G = Mean time per level.
                   A        B        C        D        E       F      G
               +--------+--------+--------+--------+--------+-----+--------+
         Total |    912 |    895 |     17 |      0 |    673 |   2 |  456.0 |
       Dungeon |    912 |    895 |     17 |      0 |    673 |   2 |  456.0 |
               +--------+--------+--------+--------+--------+-----+--------+

Top non-repeatable levels by time:
     D:1: 844 daAuts
     D:2: 67 daAuts
